 Dungeon Crawl Stone Soup version 0.30.1-11-g7821555f0a (webtiles) character file.

Game seed: 3785134511007612180

5665 lonewolfV2 the Fighter (level 10, -5/93 HPs)
             Began as a Minotaur Fighter on Nov 9, 2023.
             Was a Priest of Fedhas.
             Slain by a freezing wraith (9 damage)
             ... on level 9 of the Dungeon.
             The game lasted 00:13:24 (11475 turns).

lonewolfV2 the Fighter (Minotaur Fighter)          Turns: 11475, Time: 00:13:24

Health: -5/93      AC: 11    Str: 28    XL:     10   Next: 47%
Magic:  15/15      EV: 14    Int:  5    God:    Fedhas [***...]
Gold:   401        SH:  5    Dex: 19    Spells: 9/9 levels left

rFire   + . .        k - +5 falchion of Intimidation {venom, rF+ rN+}
rCold   . . .        c - +0 buckler
rNeg    + . .        b - +0 scale mail
rPois   .            (helmet restricted)
rElec   .            (no cloak)
rCorr   .            B - +2 pair of gloves {hurl}
SInv    .            (no boots)
Will    .....        (no amulet) Stlth
                     e - +6 ring of strength
HPRegen 0.35/turn    o - +6 ring of dexterity
MPRegen 0.14/turn

%: no passive effects
@: slowed, very slow
A: horns 2, retaliatory headbutt
a: Renounce Religion, Wall of Briars, Grow Ballistomycete


You were on level 9 of the Dungeon.
You worshipped Fedhas.
Fedhas was most pleased with you.
You visited 2 branches of the dungeon, and saw 10 of its levels.

You collected 401 gold pieces.

Inventory:

Hand Weapons
 a - a +0 war axe
 k - the +5 falchion of Intimidation (weapon) {venom, rF+ rN+}
   (You found it on level 4 of the Dungeon)

   rF:        It protects you from fire.
   rN:        It protects you from negative energy.
 m - a +3 mace of protection
Armour
 b - a +0 scale mail (worn)
 c - a +0 buckler (worn)
 B - a +2 pair of gloves of hurling (worn)
Jewellery
 e - a +6 ring of strength (left hand)
 o - a +6 ring of dexterity (right hand)
 v - a +4 ring of protection
 A - a ring of positive energy
Wands
 t - a wand of roots (6)
 u - a wand of polymorph (6)
 y - a wand of charming (3)
Scrolls
 f - a scroll of amnesia
 i - 5 scrolls of teleportation
 j - 2 scrolls of fog
 s - 4 scrolls of identify
 z - a scroll of blinking
Potions
 d - a potion of might
 g - 3 potions of curing
 h - 2 potions of invisibility
 l - a potion of resistance
 n - 2 potions of attraction
 p - 2 potions of heal wounds
 q - 4 potions of degeneration
 r - a potion of flight
 w - a potion of cancellation
 x - 2 potions of mutation


   Skills:
 - Level 10.2 Fighting
 - Level 8.5 Long Blades
 - Level 2.4 Axes
 * Level 7.3 Armour
 - Level 6.6 Dodging
 - Level 3.6 Shields
 - Level 8.1 Invocations


You had 9 spell levels left.
You didn't know any spells.
Your spell library contained the following spells:

 Spells                   Type           Power      Damage    Failure   Level
 Apportation              Tloc           0%         N/A       77%         1
 Alistair's Intoxication  Tmut/Pois      0%         N/A       100%        5
 Borgnjor's Revivificati  Necr           0%         N/A       100%        8
 Necromutation            Tmut/Necr      0%         N/A       100%        8
 Death's Door             Necr           0%         N/A       100%        9


Dungeon Overview and Level Annotations

Branches:
Dungeon (9/15)             Temple (1/1) D:4
   Lair: D:8-11         Orc: D:9-12

Altars:
Ashenzari
Cheibriados
Dithmenos
Elyvilon
Fedhas
Gozag
Hepliaklqana
Kikubaaqudgha
Makhleb
Nemelex Xobeh
Ru
Sif Muna
Uskayaw
Vehumet
Wu Jian
Xom
Yredelemnul
Zin
The Shining One

Shops:
D:5 *   D:6 (   D:8 !

Annotations:
D:3 3 runed translucent doors, KEVIN's ghost, amateur GnHu


Innate Abilities, Weirdness & Mutations

You have a pair of horns on your head.
You reflexively headbutt those who attack you in melee.


Message History

You hit the yak.
The yak is heavily wounded.
The yak gores you but does no damage.
You slash the yak!
You kill the yak!
Fedhas appreciates your contribution to the ecosystem.
There is an open door, spattered with blood here.
Items here: ( )) [.
Items here: )) [ †.
You start resting.
A freezing wraith comes into view.
A freezing wraith is nearby!
A freezing wraith is nearby!
You see here 15 gold pieces.
You closely miss the freezing wraith. The freezing wraith misses you.
The freezing wraith hits you. The freezing wraith drains your vigour!
You feel yourself slow down.
You slash the freezing wraith!
The freezing wraith is moderately damaged.
You block the freezing wraith's attack.
The freezing wraith hits you but does no damage.
The freezing wraith closely misses you. You furiously retaliate!
You headbutt the freezing wraith. You block the freezing wraith's attack.
You hit the freezing wraith but do no damage.
You headbutt the freezing wraith.
The freezing wraith is heavily damaged.
The freezing wraith hits you! The freezing wraith freezes you!!
* * * LOW HITPOINT WARNING * * *
The freezing wraith hits you.
* * * LOW HITPOINT WARNING * * *
The freezing wraith drains your vigour!
You feel as though you will be slow longer.
You hit the freezing wraith but do no damage.
You headbutt the freezing wraith, but do no damage.
The freezing wraith is heavily damaged.
The freezing wraith hits you!
* * * LOW HITPOINT WARNING * * *
The freezing wraith freezes you!
You die...
Fedhas appreciates your contribution to the ecosystem.

... ♣.♣ #.♣ #.#
♣♣.♣♣#.# #♣...♣#.#
#.#'#.#.#
#.#)#.#.#######
#.#W#.#.......######
#.#@#.#.............
#.#.#....<..........
#.#.#...#+####.#####
#.#$#...#.# #.##...
#.#.#.#.#.# #....#.
#.#.#.#.# ######.
#.#.#.#.# #.
#+#.#.#.# #. .♣#.#>#
#.


You could see a freezing wraith.

Vanquished Creatures
  Erica (D:9)
  Pikel (D:8)
  10 yaks
  A wyvern (D:8)
  A steam dragon (D:8)
  An acid dragon (D:9)
  A water moccasin (D:6)
  Duvessa (D:7)
  A hornet zombie (D:6)
  3 black bears (D:5)
  An ogre (D:7)
  2 centaurs (D:8)
  2 phantoms (D:6)
  A kobold brigand (D:9)
  3 bullfrogs
  A gnoll sergeant (D:8)
  A scorpion (D:6)
  3 wights (D:8)
  Dowan (D:7)
  6 killer bees
  2 howler monkeys
  A bullfrog zombie (D:6)
  A centaur zombie (D:6)
  4 jellies (D:5)
  2 hounds
  An orc priest (D:5)
  Crazy Yiuf (D:4)
  A bullfrog skeleton (D:6)
  6 iguanas
  6 orc wizards
  A howler monkey zombie (D:6)
  6 adders
  12 gnolls
  2 worms (D:2)
  3 dart slugs
  33 orcs
  6 bats
  8 endoplasms
  4 giant cockroaches
  6 goblins
  6 hobgoblins
  2 quokkas
  8 ball pythons
  5 frilled lizards
  17 kobolds
  6 rats
192 creatures vanquished.

Vanquished Creatures (others)
  A kobold brigand (D:6)
  A scorpion (D:6)
  A sleepcap (D:6)
  6 orcs (D:6)
  2 kobolds (D:6)
11 creatures vanquished.

Grand Total: 203 creatures vanquished

Notes
Turn   | Place    | Note
-------+----------+-------------------------------------------
     0 | D:1      | lonewolfV2 the Minotaur Fighter began the quest for the
                  | Orb.
     0 | D:1      | Reached XP level 1. HP: 19/19 MP: 0/0
    27 | D:1      | Reached skill level 1 in Dodging
    47 | D:1      | Found a faded altar of an unknown god.
   107 | D:1      | Reached XP level 2. HP: 26/26 MP: 1/1
   723 | D:2      | Reached XP level 3. HP: 30/31 MP: 2/2
   755 | D:2      | Found a broken altar of Ashenzari.
  1038 | D:2      | Reached XP level 4. HP: 32/39 MP: 3/3
  2042 | D:3      | Reached skill level 5 in Dodging
  2129 | D:3      | Reached XP level 5. HP: 45/45 MP: 4/4
  2306 | D:3      | Found a runed translucent gate.
  2306 | D:3      | Found a runed translucent gate.
  2306 | D:3      | Found a runed translucent gate.
  2320 | D:3      | Noticed KEVIN's ghost (amateur GnHu)
  2831 | D:3      | Found a burning altar of Makhleb.
  2867 | D:3      | Found an ancient bone altar of Kikubaaqudgha.
  2917 | D:4      | Identified the +5 falchion of Intimidation {venom, rF+ rN+}
  3319 | D:4      | Found a staircase to the Ecumenical Temple.
  3365 | D:4      | Found a runed translucent door.
  3366 | D:4      | Noticed Crazy Yiuf
  3427 | Temple   | Entered the Ecumenical Temple
  3692 | Temple   | Became a worshipper of Fedhas Madash
  3994 | D:4      | Reached XP level 6. HP: 50/51 MP: 5/5
  4102 | D:4      | Killed Crazy Yiuf
  4103 | D:4      | Reached skill level 4 in Fighting
  4141 | D:5      | Entered Level 5 of the Dungeon
  4145 | D:5      | Found Xiufomi's Elemental Accessories.
  4296 | D:5      | Reached * piety under Fedhas
  4304 | D:5      | Reached skill level 5 in Fighting
  4471 | D:5      | Found an opulent altar of Gozag.
  4542 | D:5      | Found a sacrificial altar of Ru.
  4605 | D:5      | Reached skill level 6 in Fighting
  4605 | D:5      | Reached XP level 7. HP: 63/64 MP: 6/6
  4741 | D:5      | Reached skill level 7 in Fighting
  4814 | D:5      | Reached skill level 8 in Fighting
  4832 | D:5      | You fall into a shaft and drop 3 floors!
  5020 | D:7      | Noticed Duvessa
  5021 | D:7      | Noticed Dowan
  5047 | D:6      | Reached skill level 9 in Fighting
  5047 | D:6      | Reached XP level 8. HP: 73/78 MP: 7/7
  5237 | D:6      | Found a hide-covered altar of Uskayaw.
  5300 | D:6      | Reached skill level 10 in Fighting
  5382 | D:6      | Reached skill level 1 in Long Blades
  5591 | D:6      | Found Pyrad's Weapon Shop.
  8426 | D:7      | Killed Duvessa
  8427 | D:7      | Reached skill level 5 in Long Blades
  8431 | D:7      | Killed Dowan
  8611 | D:7      | Reached XP level 9. HP: 56/85 MP: 8/8
  8620 | D:7      | Reached ** piety under Fedhas
  9130 | D:7      | Reached skill level 1 in Invocations
  9595 | D:8      | Found Oxauts's Distillery.
  9992 | D:8      | Reached skill level 5 in Invocations
 10314 | D:8      | Noticed Pikel
 10325 | D:8      | Killed Pikel
 10326 | D:8      | Reached XP level 10. HP: 73/93 MP: 14/14
 10962 | D:9      | Identified the +2 robe "Ubbet" {Contam rF++ Will+}
 11008 | D:9      | Noticed Erica
 11022 | D:9      | Killed Erica
 11023 | D:9      | Reached skill level 5 in Armour
 11433 | D:9      | Reached *** piety under Fedhas
 11475 | D:9      | HP: 4/93 [freezing wraith (7)]
 11475 | D:9      | Slain by a freezing wraith

Illustrated notes

Levels and vault maps discovered:
D:1:      tarquinn_simple_flora_water_b, layout_basic, basic_ecumenical_altar
D:2:      layout_basic, basic_altar
D:3:      corexii_shack_village, layout_basic, mainiacjoe_overflow_two_lobes,
          ebering_ghost_rock_garden
D:4:      layout_cave_pools, minmay_temple_entry_poolview,
          uniq_crazy_yiuf_cottage
D:5:      layout_loops_cross, nicolae_ru_the_path_less_chosen,
          nicolae_qazlal_scattered_showers, lemuel_tele_altar,
          lemuel_crystal_altar, nicolae_elemental_shop
D:6:      nicolae_cairo_tiling_very_big, layout_basic,
          eat_drink_and_be_merry_uskayaw, serial_shops,
          nicolae_shop_bloodbath_and_beyond, serial_undead, serial_undead_f,
          serial_undead_d, serial_undead_c, serial_undead_b, chequers_big_river
D:7:      layout_gridville, hangedman_glass_teeth, nrook_campfire, uniq_duvessa
D:8:      layout_basic, serial_shops, nicolae_shop_just_a_little_nook,
          uniq_pikel
D:9:      nzn_winding_woodlands_medium [nzn_winding_woodlands_hourglass,
          nzn_winding_woodlands_5x15_pathside_ponds,
          nzn_winding_woodlands_5x5_three,
          nzn_winding_woodlands_5x5_closed_star,
          nzn_winding_woodlands_center_lodge,
          nzn_winding_woodlands_5x5_checkerboard,
          nzn_winding_woodlands_5x5_open_star,
          nzn_winding_woodlands_5x15_longhouse,
          nzn_winding_woodlands_5x5_default], layout_basic,
          minmay_orc_entry_temple_small, uniq_erica
Temple:   minmay_temple_curvy_branch

Skill      XL: |  1  2  3  4  5  6  7  8  9 10 |
---------------+-------------------------------+-----
Dodging        | 1 3 4 5 6 |  6.6
Fighting       | 6 9 10 | 10.2
Long Blades    | 7 8 |  8.5
Invocations    | 7 8 |  8.1
Armour         | 7 |  7.3
Axes           | |  2.4
Shields        | |  3.6

Action                     |  1- 3 |  4- 6 |  7- 9 | 10-12 || total
---------------------------+-------+-------+-------+-------++-------
  Melee: War axe           |    77 |       |       |       ||    77
         Headbutt          |     2 |    20 |    44 |    13 ||    79
         Mace              |       |    96 |       |       ||    96
         Falchion          |       |    63 |   179 |    55 ||   297
  Evoke: Wand              |       |       |     3 |       ||     3
    Use: Scroll            |     3 |     8 |     8 |     1 ||    20
         Potion            |       |       |       |     1 ||     1
 Armour: Scale mail        |    46 |    64 |    64 |    19 ||   193
  Dodge: Dodged            |    59 |   128 |   138 |    21 ||   346
  Block: Buckler           |    22 |    46 |    68 |    16 ||   152
